Map: Para Site LE

Players

NORTHAMERICA - Winner!

  • Race: Protoss Protoss
  • League: Grandmaster
  • Spawn Location: 5:00

llllllllllll (Scarlett)

  • Race: Protoss Protoss
  • Spawn Location: 11:00

VOD

Have the link to the VOD?

Description

Time

  • Played on: Nov. 13, 2018, 11:43 p.m.
  • Length: 12:39
Show
View Real Time Build Order
Export as new Build Order

NORTHAMERICA Protoss - Winner!

Build Orders: Oracle Opening 

Get SALT Encoding   

  12  0:02  Probe  
  13  0:14  Probe  
  13  0:19  Pylon  
  14  0:26  Probe  
  15  0:36  Probe  
  15  0:38  Gateway  
  16  0:44  Probe  
  17  0:51  Assimilator  
  17  0:52  Probe  
  18  0:58  Assimilator  
  18  1:04  Probe  
  18  1:10  Gateway  
  19  1:12  Probe  
  20  1:20  Probe  
  21  1:28  Cybernetics Core  
  21  1:31  Probe  
  22  1:40  Pylon  
  22  1:43  Probe  
  23  1:57  Pylon  
  23  1:58  Probe  
  24  2:04  Adept  
  24  2:07  Adept  
  28  2:18  Stargate  
  29  2:31  Warp Gate  
  29  2:34  Adept  
  30  2:38  Adept  
  31  2:52  Oracle  
  34  3:14  Nexus  
  34  3:19  Oracle  
  34  3:33  Probe, Pylon  
  38  3:45  Probe  
  39  3:50  Robotics Facility  
  39  3:57  Probe  
  40  4:04  Pylon  
  40  4:08  Probe  
  39  4:16  Probe  
  37  4:24  Probe, Forge  
  38  4:27  Shield Battery  
  38  4:28  Probe  
  40  4:35  Sentry  
  40  4:36  Probe  
  43  4:40  Probe  
  43  4:45  Immortal  
  44  4:48  Probe  
  44  4:50  Sentry  
  47  4:58  Probe  
  52  5:00  Protoss Ground Weapons Level 1  
  52  5:02  Probe  
  53  5:10  Probe  
  53  5:13  Pylon  
  54  5:14  Adept  
  54  5:19  Adept  
  54  5:20  Immortal  
  62  5:33  Shield Battery  
  62  5:39  Probe  
  62  5:40  Probe, Assimilator  
  63  5:46  Twilight Council  
  63  5:51  Probe  
  63  5:52  Probe  
  62  5:57  Stalker x2  
  62  6:03  Probe  
  65  6:04  Probe  
  66  6:13  Probe, Immortal  
  66  6:15  Probe  
  71  6:21  Probe  
  70  6:27  Probe  
  70  6:30  Probe  
  70  6:31  Protoss Ground Weapons Level 2  
  71  6:35  Charge  
  71  6:39  Probe  
  73  6:40  Pylon  
  73  6:42  Probe  
  73  6:44  Assimilator  
  74  6:49  Gateway  
  74  6:51  Probe, Gateway  
  75  6:56  Immortal  
  77  7:05  Gateway  
  77  7:09  Gateway  
  77  7:14  Pylon  
  77  7:21  Templar Archives  
  77  7:35  Warp Prism  
  76  7:38  Pylon, Gateway  
  76  7:42  Zealot x2  
  80  8:05  High Templar x2  
  84  8:07  Nexus  
  84  8:08  Pylon  
  84  8:09  Archon  
  84  8:10  Pylon  
  84  8:25  Nexus  
  84  8:34  Zealot, High Templar x3  
  88  8:35  Zealot  
  94  8:41  Archon  
  94  8:42  High Templar  
  94  8:44  Pylon  
  94  8:45  Immortal  
  94  8:48  Archon, Zealot  
  99  9:05  Zealot x2  
  99  9:07  Zealot x3  
  104  9:23  Zealot x2  
  93  9:33  Zealot x5  
  99  9:47  High Templar x2  
  99  9:52  Archon  
  99  9:54  Zealot x2  
  99  9:55  Zealot x3  
  99  9:58  Immortal  
  71  10:16  Zealot x5  
  75  10:26  Probe  
  75  10:27  Warp Prism  
  76  10:33  Nexus  
  76  10:36  High Templar x2  
  82  10:44  Archon  
  82  10:45  High Templar x2  
  82  10:49  Pylon  
  86  10:50  Archon  
  86  10:51  Zealot  
  88  10:58  Observer  
  88  11:02  Zealot  
  88  11:03  Zealot  
  93  11:13  Zealot  
  95  11:20  Observer  
  96  11:31  High Templar x2  
  100  11:33  Zealot x3  
  100  11:35  Archon  
  102  11:53  Zealot x4  
Show
View Real Time Build Order
Export as new Build Order

llllllllllll Protoss 

Build Orders: Phoenix Opening, Archon Immortal, Blink Stalkers 

Get SALT Encoding   

  12  0:00  Probe  
  13  0:12  Probe  
  14  0:17  Pylon  
  14  0:23  Probe  
  15  0:31  Probe  
  16  0:36  Gateway  
  16  0:39  Probe  
  16  0:46  Assimilator  
  17  0:51  Probe  
  17  0:53  Assimilator  
  18  0:59  Probe  
  19  1:07  Probe  
  19  1:11  Gateway  
  20  1:17  Probe  
  20  1:23  Cybernetics Core  
  21  1:29  Probe  
  22  1:34  Pylon  
  22  1:41  Probe  
  23  1:55  Probe  
  23  1:59  Stalker  
  23  2:00  Warp Gate, Sentry  
  28  2:10  Pylon  
  28  2:29  Probe  
  29  2:34  Nexus  
  29  2:41  Stalker  
  31  2:46  Stalker  
  31  2:49  Probe  
  34  3:00  Twilight Council  
  34  3:03  Probe  
  35  3:09  Phoenix  
  35  3:10  Shield Battery  
  35  3:14  Pylon  
  35  3:20  Probe  
  35  3:24  Blink  
  35  3:25  Stalker  
  38  3:31  Shield Battery  
  36  3:58  Probe  
  36  4:01  Shield Battery  
  37  4:03  Stalker  
  37  4:08  Probe  
  39  4:17  Probe  
  39  4:20  Stalker  
  42  4:26  Stalker  
  42  4:28  Probe  
  45  4:35  Probe  
  46  4:39  Probe  
  43  4:47  Probe x2  
  43  4:50  Stalker  
  47  4:55  Probe  
  47  4:59  Probe  
  49  5:00  Stalker  
  51  5:11  Probe x2  
  51  5:13  Pylon  
  53  5:15  Stalker  
  55  5:23  Probe x2  
  55  5:25  Stalker  
  59  5:35  Probe x2  
  61  5:42  Forge  
  61  5:46  Stalker  
  61  5:47  Probe  
  61  5:48  Probe  
  65  6:00  Probe  
  65  6:01  Probe  
  65  6:03  Assimilator  
  67  6:04  Assimilator  
  67  6:05  Pylon  
  67  6:08  Protoss Ground Weapons Level 1  
  67  6:12  Probe  
  67  6:13  Probe  
  67  6:17  Pylon  
  69  6:19  Pylon  
  69  6:25  Robotics Facility  
  65  6:29  Gateway  
  65  6:31  Gateway  
  65  6:32  Probe x2  
  66  6:40  Stalker x2  
  66  6:44  Probe  
  71  6:50  Probe  
  72  6:57  Nexus  
  70  7:04  Probe x2  
  70  7:05  Charge  
  70  7:08  Immortal  
  72  7:15  Pylon  
  72  7:16  Probe x2  
  78  7:22  Templar Archives  
  78  7:28  Probe  
  67  7:31  Probe  
  67  7:36  Probe  
  67  7:39  Probe  
  69  7:44  Probe  
  69  7:47  Observer  
  69  7:48  Probe  
  71  7:54  Probe  
  71  7:57  Gateway  
  73  7:59  Gateway  
  73  8:00  Probe  
  73  8:02  High Templar x3  
  73  8:03  High Templar  
  82  8:06  Immortal  
  82  8:07  Archon  
  82  8:08  Archon  
  82  8:09  Protoss Ground Weapons Level 2, Probe x2  
  88  8:22  Probe  
  88  8:23  Probe  
  88  8:28  Probe  
  88  8:32  Gateway  
  89  8:35  Probe, Gateway  
  89  8:39  Immortal  
  90  8:42  Zealot x3  
  100  8:55  Zealot x2  
  100  8:56  Zealot  
  106  9:03  Zealot, High Templar x2  
  106  9:07  Archon  
  110  9:17  Pylon  
  110  9:18  Pylon  
  110  9:21  Pylon  
  110  9:22  Pylon  
  110  9:38  Immortal  
  108  9:42  Zealot x5  
  119  9:49  Pylon  
  119  9:51  Pylon  
  111  9:54  Pylon  
  85  10:02  Zealot x4  
  77  10:13  Zealot x2  
  71  10:16  Immortal  
  71  10:19  Probe x2  
  72  10:22  High Templar  
  72  10:23  High Templar x3  
  72  10:27  Archon x2  
  84  10:39  Zealot x2  
  88  10:52  Warp Prism  
  90  11:04  Stalker  
  90  11:05  Stalker x2  
  96  11:18  Nexus  
  96  11:24  High Templar  
  96  11:25  High Templar  
  100  11:29  Probe x2  
  100  11:30  Pylon  
  102  11:34  Archon  
  102  11:39  Zealot x2  
  80  11:47  Zealot x2  
  71  11:59  Zealot x2  
Tags
 
Add a new tag
Caveats
  • Supply blocks, unpowered buildings, or Contaminate may cause inaccurate times.
  • Supply counts are checked every 10 seconds.